 Dungeon Crawl Stone Soup version 0.26.0-10-g1f06aea511 (webtiles) character file.

Game seed: 17160627213330597617

119 Marvel the Cudgeller (level 4, -6/42 HPs)
             Began as a Troll Warper on Jan 14, 2021.
             Was an Initiate of Ru.
             Mangled by an orc warrior
             ... wielding the +5 quarterstaff of the Saving Pariah {elec, rC+ Int+4}
              (19 damage)
             ... on level 4 of the Dungeon.
             The game lasted 00:07:51 (2581 turns).

Marvel the Cudgeller (Troll Warper)                 Turns: 2581, Time: 00:07:52

Health: -6/42      AC:  6    Str: 20    XL:     4   Next: 74%
Magic:  5/5        EV: 10    Int: 15    God:    Ru [......]
Gold:   103        SH:  0    Dex:  9    Spells: 3/5 levels left

rFire    . . .     SeeInvis .   a - +0 mace
rCold    . . .     Faith    .   (no shield)
rNeg     . . .     Spirit   .   b - +0 robe
rPois    .         Reflect  .   (helmet restricted)
rElec    .         Harm     .   (no cloak)
rCorr    .         Rampage  .   (gloves unavailable)
Will     .....                  (boots unavailable)
Stlth    +.........             m - amulet of the acrobat
HPRegen  0.54/turn              v - +6 ring of intelligence
MPRegen  0.09/turn              (no ring)

@: no status effects
A: large, unfitting armour, claws 3, regeneration 1, shaggy fur 1, tough skin 3
a: Renounce Religion


You were on level 4 of the Dungeon.
You worshipped Ru.
Ru was noncommittal.
You visited 1 branch of the dungeon, and saw 4 of its levels.

You collected 103 gold pieces.

Inventory:

Hand Weapons
 a - a +0 mace (weapon)
Missiles
 e - 5 boomerangs of dispersal (quivered)
 s - 2 boomerangs
Armour
 b - a +0 robe (worn)
 t - a +0 leather armour
Jewellery
 c - an uncursed amulet of magic regeneration
 m - an amulet of the acrobat (around neck)
 v - a +6 ring of intelligence (left claw)
Scrolls
 d - a scroll of blinking
 k - a scroll of amnesia {unknown}
 l - 4 scrolls of remove curse {unknown}
 p - 2 scrolls of teleportation {unknown}
 q - 4 scrolls of random uselessness {unknown}
 r - 2 scrolls of identify {unknown}
Potions
 f - 2 potions of ambrosia {unknown}
 g - 3 potions of curing {unknown}
 h - 2 potions of berserk rage {unknown}
 i - a potion of degeneration {unknown}
 j - a potion of attraction {unknown}
 n - a potion of haste {unknown}
 o - a potion of magic {unknown}
 u - a potion of heal wounds {unknown}


   Skills:
 + Level 2.3 Fighting
 + Level 2.8 Maces & Flails
 + Level 1.0 Throwing
 + Level 2.6 Dodging
 + Level 0.1 Stealth
 + Level 1.4 Spellcasting
 + Level 2.5 Translocations


You had 3 spell levels left.
You knew the following spells:

 Your Spells              Type           Power        Failure   Level
a - Blink                 Tloc           N/A          12%         2

Your spell library contained the following spells:

 Spells                   Type           Power        Failure   Level
 Summon Small Mammal      Summ           4%           24%         1
 Gell's Gravitas          Tloc           4%           24%         3
 Lesser Beckoning         Tloc           4%           24%         3
 Teleport Other           Tloc           8%           24%         3
 Call Imp                 Summ           1%           34%         2
 Call Canine Familiar     Summ           1%           56%         3
 Summon Guardian Golem    Hex/Summ       1%           56%         3
 Passage of Golubria      Tloc           N/A          63%         4
 Summon Ice Beast         Ice/Summ       1%           93%         4
 Summon Lightning Spire   Summ/Air       1%           93%         4


Dungeon Overview and Level Annotations

Branches:
Dungeon (4/15)
 Temple: D:4-7

Altars:
Ru
Beogh

Annotations:
D:3 Blork the orc, Edmund
D:4 Valentain's ghost, weakling OpDe


Innate Abilities, Weirdness & Mutations

You are too large for most types of armour.
You have claws for hands.
Your natural rate of healing is unusually fast.
You are covered in fur. (AC +1)
You have extremely tough skin. (AC +3)


Message History

Found 13 gold pieces.
The orc priest shouts!
The orc shouts!
The orc warrior shouts!
You hear a shout!
The orc shouts!
You hear a shout!
The orc shouts! x2
Valentain's ghost turns its malevolent gaze towards you.
The orc shouts!
Found a roughly hewn altar of Beogh.
You open the gate.
You hear the rusting of a distant drain.
You hit the orc warrior but do no damage.
The orc warrior hits you with the +5 quarterstaff of the Saving Pariah {elec, rC+ Int+4}.
You hit the orc warrior but do no damage.
The orc warrior barely misses you.
You hit the orc warrior but do no damage.
The orc warrior hits you with the +5 quarterstaff of the Saving Pariah {elec, rC+ Int+4}!
The orc priest miscasts a cantrip.
The orc warrior hits you with the +5 quarterstaff of the Saving Pariah {elec, rC+ Int+4}!
You are electrocuted!!
You die...

#.##.#.# #
#.##.#.####
#.##.......
########.##.#####.
#..(..##.##.#####.
#.##..............
#.##..##.########.
#.#......# #.
#@#......########.
#o#..........)....
#o#......#####.#..
#oo.........[....#
####......####.#.##
#....#.#### #.#.##
######.##.#.###
#.#.#
?.......o....8#
#.#.#
#####'''#######
#(#.#


You could see an orc warrior, an orc priest and 2 orcs.

Vanquished Creatures
  5 adders
  2 oozes
  A worm (D:2)
  A dart slug (D:1)
  A leopard gecko (D:2)
  7 orcs (D:3)
  A ball python (D:1)
  3 giant cockroaches (D:1)
  3 goblins (D:1)
  4 hobgoblins
  4 jackals (D:1)
  7 kobolds
  A quokka (D:3)
  7 bats
  3 frilled lizards
  3 rats
53 creatures vanquished.

Notes
Turn   | Place    | Note
-------+----------+-------------------------------------------
     0 | D:1      | Marvel the Troll Warper began the quest for the Orb.
     0 | D:1      | Reached XP level 1. HP: 19/19 MP: 1/1
   335 | D:1      | Reached skill level 1 in Throwing
   339 | D:1      | Reached XP level 2. HP: 28/28 MP: 2/2
  1115 | D:2      | Reached XP level 3. HP: 35/35 MP: 4/4
  1358 | D:2      | Found a sacrificial altar of Ru.
  1371 | D:2      | Became a worshipper of Ru the Awakened
  1592 | D:3      | Reached XP level 4. HP: 21/42 MP: 5/5
  1689 | D:3      | Learned a level 2 spell: Blink
  1689 | D:3      | Found a faded altar of an unknown god.
  2288 | D:4      | Noticed Edmund
  2289 | D:4      | Noticed a centaur
  2290 | D:4      | Noticed a centaur
  2428 | D:4      | Noticed Blork the orc
  2546 | D:4      | Found a runed translucent gate.
  2548 | D:4      | Identified the +5 quarterstaff of the Saving Pariah {elec,
                  | rC+ Int+4}
  2548 | D:4      | Noticed an orc warrior
  2549 | D:4      | Identified the +4 ring mail of Ennui {+Blink}
  2549 | D:4      | Noticed Valentain's ghost (weakling OpDe)
  2567 | D:4      | Found a runed translucent gate.
  2567 | D:4      | Found a runed translucent gate.
  2569 | D:4      | Found a roughly hewn altar of Beogh.
  2581 | D:4      | Mangled by an orc warrior

Illustrated notes

Levels and vault maps discovered:
D:1:      lightli_arrival_statue_moat, layout_rooms, serial_co_window_serial,
          co_window_paths_b, co_window_paths_a, co_window_paths_a,
          co_window_of_opportunity_a, co_window_paths_a, co_window_broadway_c,
          co_window_unsneaky_path_b, co_window_of_opportunity_c,
          co_window_unsneaky_path_d, co_window_unsneaky_path_a,
          co_window_unsneaky_path_d, co_window_paths_c, co_window_4corner_b,
          co_window_paths_d, glass_columns_b
D:2:      layout_rooms, nicolae_ru_sacrificial_ziggurat
D:3:      layout_loops_ring, chequers_ecumenical_altar_simple
D:4:      layout_loops_ring, biasface_ghost_orc_armoury,
          cheibrodos_sewer_entry_bend, serial_shops, shop, minmay_manual_mares,
          uniq_ijyb, uniq_edmund, uniq_blork_the_orc

Skill      XL: |  1  2  3 |
---------------+----------+-----
Dodging        | 2 |  2.6
Throwing       | 1 |  1.0
Fighting       | 2 |  2.3
Maces & Flails | 2 |  2.8
Stealth        | |  0.1
Spellcasting   | |  1.4
Translocations | |  2.5

Action                   |  1- 3 |  4- 6 || total
-------------------------+-------+-------++-------
Melee: Mace              |   104 |    74 ||   178
 Cast: Blink             |       |     7 ||     7
Armor: Robe              |    64 |    36 ||   100
Dodge: Dodged            |   101 |    77 ||   178
